 Dungeon Crawl Stone Soup version 0.22.1-6-g1668fe2 (webtiles) character file.

77 Gluon the Shooter (level 4, 0/37 HPs)
             Began as a Minotaur Hunter on Jan 24, 2019.
             Slain by a gnoll
             ... wielding a +0 halberd
              (7 damage)
             ... on level 2 of the Dungeon.
             The game lasted 00:09:24 (986 turns).

Gluon the Shooter (Minotaur Hunter)                  Turns: 986, Time: 00:09:25

Health: 0/37       AC:  8    Str: 16    XL:     4   Next: 14%
Magic:  3/3        EV:  7    Int:  8    God:
Gold:   77         SH:  0    Dex: 12    Spells: 3/3 levels left

rFire    . . .     SeeInvis +   a - +1 shortbow
rCold    . . .     Gourm    +   (shield currently unavailable)
rNeg     . . .     Faith    .   n - +0 chain mail (curse)
rPois    .         Spirit   .   (helmet restricted)
rElec    .         Reflect  .   (no cloak)
rCorr    .         Harm     .   (no gloves)
MR       .....                  (no boots)
Stlth    ..........             g - amulet of the gourmand
HPRegen  0.12/turn              p - ring of see invisible
MPRegen  0.08/turn              (no ring)

@: no status effects
A: retaliatory headbutt, horns 2
a: no special abilities


You were on level 2 of the Dungeon.
You were not hungry.

You visited 1 branch of the dungeon, and saw 2 of its levels.

You collected 77 gold pieces.

Inventory:

Hand Weapons
 a - a +1 shortbow (weapon)
 b - a +0 short sword
 e - a cursed -1 club
 i - a +0 dagger
 l - a +0 spear
 o - a +0 whip
 q - a +0 hand axe
Missiles
 d - 12 arrows (quivered)
 m - 25 bolts
Armour
 c - a +0 leather armour
 j - a +0 chain mail
 n - a cursed +0 chain mail (worn)
Jewellery
 g - an amulet of the gourmand (around neck)
 p - a ring of see invisible (left hand)
Potions
 h - a potion of curing {unknown}
 k - a potion of invisibility {unknown}
 r - a potion of resistance {unknown}
 s - a potion of might {unknown}
Comestibles
 f - 3 rations


   Skills:
 + Level 2.7 Fighting
 + Level 0.7 Short Blades
 + Level 5.8 Bows
 + Level 0.4 Armour
 + Level 2.3 Dodging
 + Level 1.1 Stealth


You had 3 spell levels left.
You didn't know any spells.
Your spell library was empty.

Dungeon Overview and Level Annotations

Branches:
Dungeon (2/15)

Altars:


Innate Abilities, Weirdness & Mutations

You reflexively headbutt those who attack you in melee.
You have a pair of horns on your head.


Message History

You shoot an arrow.
The arrow hits the gnoll but does no damage.
The crimson imp hits you.
* * * LOW HITPOINT WARNING * * *
The gnoll hits you from afar with a halberd.
* * * LOW HITPOINT WARNING * * *
Firing (i - inventory)
d - 14 arrows (quivered)
Press: ? - help, Shift-Dir - straight line, f/p - gnoll
Aim: a gnoll, wielding a club (moderately wounded)
You shoot an arrow. The arrow hits the gnoll.
The gnoll is moderately wounded.
The crimson imp hits you but does no damage.
Firing (i - inventory)
d - 13 arrows (quivered)
Press: ? - help, Shift-Dir - straight line, f/p - gnoll
Aim: a gnoll, wielding a club (moderately wounded)
You shoot an arrow. The arrow completely misses the gnoll.
The arrow hits the gnoll.
The gnoll is severely wounded.
The gnoll hits you from afar with a halberd!
You die...

#..(..(......#
##..).......###
#........)..#
#%#.........##
..............#
.§..#.#...†g.###
....).....#g##
.....#.###)#
...... #@# ....#
#5# #..## #.#
##..# #.# ##...##
#.# .#####..#..#
#.## .
..........###..##
..
#..........##..#
..
#.......##..##.##


You could see 2 gnolls and a crimson imp.

Vanquished Creatures
  2 gnolls (D:2)
  An adder (D:2)
  A worm (D:2)
  A dart slug (D:1)
  A leopard gecko (D:1)
  10 bats
  4 goblins
  7 hobgoblins
  3 jackals (D:1)
  4 kobolds
  A quokka (D:2)
  3 frilled lizards
  4 rats (D:2)
42 creatures vanquished.

Notes
Turn   | Place    | Note
-------+----------+-------------------------------------------
     0 | D:1      | Gluon the Minotaur Hunter began the quest for the Orb.
     0 | D:1      | Reached XP level 1. HP: 18/18 MP: 0/0
    68 | D:1      | Reached XP level 2. HP: 22/25 MP: 1/1
   180 | D:1      | Reached skill level 5 in Bows
   639 | D:2      | Reached XP level 3. HP: 27/30 MP: 2/2
   980 | D:2      | Reached skill level 1 in Stealth
   980 | D:2      | Reached XP level 4. HP: 13/37 MP: 3/3
   986 | D:2      | Slain by a gnoll

Skill      XL: |  1  2  3 |
---------------+----------+-----
Bows           | 5 |  5.8
Stealth        | 1 |  1.1
Fighting       | |  2.7
Short Blades   | |  0.7
Armour         | |  0.4
Dodging        | |  2.3

Action                   |  1- 3 |  4- 6 || total
-------------------------+-------+-------++-------
Melee: Short sword       |    10 |       ||    10
       Headbutt          |     2 |       ||     2
 Fire: Shortbow          |    86 |     6 ||    92
  Use: Scroll            |     2 |       ||     2
  Eat: Chunk             |     3 |       ||     3
Armor: Chain mail        |    33 |     1 ||    34
       Leather armour    |     2 |       ||     2
Dodge: Dodged            |    36 |       ||    36
